 Dungeon Crawl Stone Soup version 0.25-a0-558-g78a2afb0af (webtiles) character file.

Game seed: 5853899911338407813, levelgen mode: deterministic

122 DerDa the Firebug (level 4, 0/30 HPs)
             Began as a Demonspawn Fire Elementalist on Feb 25, 2020.
             Slain by a rat (3 damage)
             ... on level 3 of the Dungeon.
             The game lasted 00:05:14 (1701 turns).

DerDa the Firebug (Demonspawn Fire Elementalist)    Turns: 1701, Time: 00:05:15

Health: 0/30       AC:  2    Str:  9    XL:     4   Next: 78%
Magic:  1/8        EV: 12    Int: 17    God:
Gold:   216        SH:  0    Dex: 13    Spells: 4/9 levels left

rFire    . . .     SeeInvis .   g - +0 club
rCold    . . .     Gourm    .   (no shield)
rNeg     . . .     Faith    .   a - +0 robe
rPois    .         Spirit   .   (no helmet)
rElec    .         Reflect  .   (no cloak)
rCorr    .         Harm     .   (no gloves)
MR       .....                  (no boots)
Stlth    ++........             (no amulet)
HPRegen  0.10/turn              (no ring)
MPRegen  0.11/turn              (no ring)

@: slowed, very slow
A: claws 1, powered by pain 1
a: no special abilities


You were on level 3 of the Dungeon.
You were not hungry.

You visited 1 branch of the dungeon, and saw 3 of its levels.

You collected 216 gold pieces.

Inventory:

Hand Weapons
 g - a +0 club (weapon)
Missiles
 e - 35 bolts
 j - 9 poisoned darts (quivered)
Armour
 a - a +0 robe (worn)
Jewellery
 p - an uncursed amulet of harm {unknown}
Scrolls
 b - 2 scrolls of remove curse {unknown}
 h - a scroll of amnesia {unknown}
 i - a scroll of teleportation {unknown}
 k - 3 scrolls of identify {unknown}
 n - a scroll of immolation {unknown}
Potions
 d - 3 potions of flight {unknown}
 l - 2 potions of curing {unknown}
 m - a potion of ambrosia {unknown}
 o - a potion of brilliance {unknown}
Comestibles
 c - 3 rations
 f - 4 chunks of flesh


   Skills:
 - Level 1.7 Dodging
 - Level 1.7 Stealth
 * Level 3.1 Spellcasting
 * Level 2.7 Conjurations
 * Level 3.6 Fire Magic


You had 4 spell levels left.
You knew the following spells:

 Your Spells              Type           Power        Failure   Level  Hunger
a - Foxfire               Conj/Fire      ##..         4%          1    None
b - Sticky Flame          Conj/Fire      ##......     43%         4    ####...

Your spell library contained the following spells:

 Spells                   Type           Power        Failure   Level  Hunger
 Conjure Flame            Conj/Fire      ##......     14%         3    ###....
 Inner Flame              Hex/Fire       #.......     24%         3    ###....
 Fireball                 Conj/Fire      ##........   78%         5    ######.


Dungeon Overview and Level Annotations

Branches:
Dungeon (3/15)

Altars:


Innate Abilities, Weirdness & Mutations

You have sharp fingernails.
You sometimes gain a little power by taking damage.


Message History

The foxfire hits Natasha.
Natasha is heavily wounded.
The foxfire hits Natasha.
Natasha is severely wounded.
Natasha claws you. Natasha closely misses you.
Casting: Foxfire (safe; 4% risk of failure)
Confirm with . or Enter, or press ? or * to list all spells.
You conjure some foxfire!
Natasha claws you. Natasha claws you!
* * * LOW HITPOINT WARNING * * *
You closely miss Natasha.
Natasha is severely wounded.
The foxfire hits Natasha.
Natasha is almost dead.
The foxfire hits Natasha.
You kill Natasha!
Natasha screams in fury as she dies!
The rat barely misses you.
There is an open door here.
The rat bites you.
You die...

............#
............#
............#
............#
............##
.....#.......#
......#####.###
#...... #.#
....h..## #@#
........# #r#
...$....####'###
...........†...#
...............#
.[........%....#
............÷..#
...............#
...................


You could see a rat.

Vanquished Creatures
  Natasha (twice) (D:3)
  2 adders (D:2)
  A worm (D:2)
  3 dart slugs
  2 leopard geckos
  An orc (D:3)
  2 giant cockroaches
  5 goblins
  5 hobgoblins (D:1)
  4 jackals (D:1)
  2 quokkas
  A ball python (D:1)
  6 bats
  4 frilled lizards
  A kobold (D:1)
  4 rats
45 creatures vanquished.

Vanquished Creatures (others)
  120 foxfires
120 creatures vanquished.

Grand Total: 165 creatures vanquished

Notes
Turn   | Place    | Note
-------+----------+-------------------------------------------
     0 | D:1      | DerDa the Demonspawn Fire Elementalist began the quest for
                  | the Orb.
     0 | D:1      | Reached XP level 1. HP: 13/13 MP: 3/3
   201 | D:1      | Gained mutation: You have sharp fingernails. [demonic
                  | ancestry]
   201 | D:1      | Reached XP level 2. HP: 19/19 MP: 1/5
   620 | D:1      | Reached XP level 3. HP: 14/24 MP: 0/6
  1627 | D:3      | Gained mutation: You sometimes gain a little power by
                  | taking damage. [demonic ancestry]
  1627 | D:3      | Reached XP level 4. HP: 23/30 MP: 5/8
  1659 | D:3      | Noticed Natasha
  1667 | D:3      | Killed Natasha
  1673 | D:3      | Learned a level 4 spell: Sticky Flame
  1678 | D:3      | Noticed Natasha
  1698 | D:3      | Killed Natasha
  1701 | D:3      | Slain by a rat

Levels and vault maps discovered:
D:1:      dpeg_arrival_brainrot, layout_basic
D:2:      layout_basic
D:3:      layout_basic, zin_statuary, uniq_natasha

Skill      XL: |  1  2  3  4 |
---------------+-------------+-----
Fire Magic     | 3 |  3.6
Conjurations   | 2 |  2.7
Spellcasting   | 3 |  3.1
Dodging        | |  1.7
Stealth        | |  1.7

Action                   |  1- 3 |  4- 6 || total
-------------------------+-------+-------++-------
Melee: Club              |    36 |     4 ||    40
 Cast: Foxfire           |    61 |    13 ||    74
  Eat: Chunk             |     3 |       ||     3
Armor: Robe              |    16 |       ||    16
Dodge: Dodged            |    43 |     6 ||    49

Table legend:
 A = Non-vault XP
 B = Vault XP
 C = Vault XP percentage of total XP
 D = Non-vault monster count
 E = Vault monster count
 F = Vault count percentage of total count
                 A         B        C        D         E       F
            +---------+---------+-------+---------+---------+-------
      Total |     136 |      39 |  22.3 |      43 |       2 |   4.4
            +---------+---------+-------+---------+---------+-------
        D:1 |      40 |       2 |   4.8 |      24 |       1 |   4.0
        D:2 |      54 |       0 |   0.0 |      14 |       0 |   0.0
        D:3 |      42 |      37 |  46.8 |       5 |       1 |  16.7
            +---------+---------+-------+---------+---------+-------
